 Dungeon Crawl Stone Soup version 0.29.1-2-gbd0b4ee654 (webtiles) character file.

Game seed: 6581388967600490566

51 leafyfresh the Sneak (level 3, -4/21 HPs)
             Began as an Octopode Venom Mage on Nov 12, 2022.
             Killed from afar by Natasha (12 damage)
             ... with a magic dart
             ... on level 2 of the Dungeon.
             The game lasted 00:05:01 (1648 turns).

leafyfresh the Sneak (Octopode Venom Mage)          Turns: 1648, Time: 00:05:02

Health: -4/21      AC:  1    Str:  7    XL:     3   Next: 83%
Magic:  3/6        EV: 13    Int: 22    God:
Gold:   77         SH:  0    Dex: 12    Spells: 2/6 levels left

rFire   + . .      SeeInvis .   j - +7 long sword of True Grit {venom, rF+ Int+3}
rCold   . . .      Faith    .   (no shield)
rNeg    . . .      Spirit   .   (helmet restricted)
rPois   .          Reflect  .   (no amulet)
rElec   .          Harm     .   (no ring)
rCorr   .          Rampage  .   (no ring)
Will    .....                   (no ring)
Stlth   ++++......              (no ring)
HPRegen 0.07/turn               (no ring)
MPRegen 0.10/turn               (no ring)
                                (no ring)
                                (no ring)

@: slowed, very slow
A: almost no armour, amphibious, 8 rings, camouflage 1, gelatinous body 1,
(nimble swimmer 1), tentacles
a: no special abilities


You were on level 2 of the Dungeon.
You visited 1 branch of the dungeon, and saw 2 of its levels.

You collected 77 gold pieces.

Inventory:

Hand Weapons
 e - a +3 whip
 j - the +7 long sword of True Grit (weapon) {venom, rF+ Int+3}
   (You found it on level 2 of the Dungeon)

   It poisons the flesh of those it strikes.
   Int:       It affects your intelligence (+3).
   rF:        It protects you from fire.
Scrolls
 c - a scroll of amnesia {unknown}
 f - 3 scrolls of identify {unknown}
 i - a scroll of teleportation {unknown}
Potions
 a - a potion of magic
 b - a potion of curing {unknown}
 d - a potion of brilliance {unknown}
 g - a potion of berserk rage {unknown}
 h - 2 potions of lignification {unknown}


   Skills:
 - Level 3.1 Dodging
 - Level 4.4 Stealth
 - Level 2.0 Spellcasting
 + Level 0.0 Conjurations
 - Level 1.0 Transmutations
 + Level 0.0 Air Magic
 + Level 3.6 Poison Magic


You had 2 spell levels left.
You knew the following spells:

 Your Spells              Type           Power      Damage    Failure   Level
a - Sting                 Tmut/Pois      48%        1d5       5%          1
b - Mephitic Cloud        Conj/Pois/Air  7%         N/A       26%         3

Your spell library contained the following spells:

 Spells                   Type           Power      Damage    Failure   Level
 Poisonous Vapours        Pois/Air       20%        N/A       10%         2
 Shock                    Conj/Air       8%         1d3       14%         1
 Olgreb's Toxic Radiance  Pois           18%        N/A       30%         4
 Swiftness                Air            2%         N/A       38%         3
 Airstrike                Air            1%         2d(1-17)  80%         4


Dungeon Overview and Level Annotations

Branches:
Dungeon (2/15)

Altars:

Annotations:
D:2 Natasha


Innate Abilities, Weirdness & Mutations

You cannot wear most types of armour.
You are amphibious.
You can wear up to eight rings at the same time.
Your skin changes colour to match your surroundings (Stealth+).
Your rubbery body absorbs attacks. (AC +1, EV +1)
((You are camouflaged when in or above water. (Stealth+)))
You have tentacles for arms and can constrict up to eight enemies at once.


Message History

Okay, then.
Unknown command.
Okay, then.
Casting: Sting (safe; 5% risk of failure)
Confirm with . or Enter, or press ? or * to list all spells.
Okay, then.
You see here a +0 ring mail.
Natasha and a goblin come into view.
The goblin shouts!
Natasha hisses angrily.
The goblin unwields a +0 dagger.
The goblin wields a +0 sling.
The goblin shoots a sling bullet.
The sling bullet hits you.
Natasha mumbles some strange words.
The goblin shoots a sling bullet.
The sling bullet misses you.
There are monsters nearby!
Unknown command.
Casting: Sting (safe; 5% risk of failure)
Confirm with . or Enter, or press ? or * to list all spells.
The spell is extremely dangerous to miscast (26% risk of failure)!
Continue anyway?
Aiming: Mephitic Cloud (extremely dangerous; 26% risk of failure)
Press: ? - help, Shift-Dir - straight line, f - goblin
Aim: a goblin, wielding a +0 sling (chance to affect: 96%)
The ball explodes into a vile cloud!
The stinking cloud engulfs the goblin but does no damage.
The stinking cloud engulfs Natasha but does no damage.
Natasha stares at you and mumbles some strange words.
You feel yourself slow down.
The goblin is engulfed in noxious fumes.
The goblin appears confused.
The goblin is engulfed in noxious fumes.
The goblin appears confused.
You catch the helpless goblin completely off-guard!
You slash the goblin!
You kill the goblin!
The white imp shouts, "Decamp, thou dissembling weeb-spouting pignut!"
Natasha stares at you and mumbles some strange words.
The magic dart hits you!
Natasha stares at you and mumbles some strange words.
The magic dart hits you!
Ouch! That really hurt!
You die...

#)## #.....#.......#.#
... #.....#.......#.#
#.##.
#.....#.##......# # #.
#.....#.##...#### #.
#.....#.####.# #.
###.###.####.# #.
####.###......#
#......######.#
#@#....[..# #.#
####.#.......###.#
#5.h.#...........#
#.....#####......#####
###.# #.....#.# ..
#..##.#.# # #.>.....#
....###### ###..


You could see Natasha.

Vanquished Creatures
  A gnoll (D:1)
  4 dart slugs
  3 ball pythons
  6 bats
  3 endoplasms (D:1)
  A giant cockroach (D:1)
  2 goblins (D:2)
  2 hobgoblins (D:1)
  3 quokkas (D:1)
  2 frilled lizards
  3 kobolds (D:1)
  2 rats (D:1)
32 creatures vanquished.

Notes
Turn   | Place    | Note
-------+----------+-------------------------------------------
     0 | D:1      | leafyfresh the Octopode Venom Mage began the quest for the
                  | Orb.
     0 | D:1      | Reached XP level 1. HP: 11/11 MP: 3/3
   170 | D:1      | Reached skill level 3 in Stealth
   261 | D:1      | Reached XP level 2. HP: 17/17 MP: 3/5
   986 | D:1      | Reached skill level 4 in Stealth
   986 | D:1      | Reached XP level 3. HP: 21/21 MP: 3/6
  1113 | D:1      | Found a faded altar of an unknown god.
  1543 | D:2      | Identified the +7 long sword of True Grit {venom, rF+
                  | Int+3}
  1631 | D:2      | Learned a level 3 spell: Mephitic Cloud
  1643 | D:2      | Noticed Natasha
  1648 | D:2      | Killed from afar by Natasha

Illustrated notes

Levels and vault maps discovered:
D:1:      dpeg_arrival_fog, layout_loops_cross, ebering_ecumenical_altar_webs
D:2:      layout_loops_cross, basic_altar, uniq_natasha, uniq_jessica

Skill      XL: |  1  2  3 |
---------------+----------+-----
Stealth        | 3 4 |  4.4
Dodging        | 3 |  3.1
Spellcasting   | |  2.0
Transmutations | |  1.0
Poison Magic   | |  3.6

Action                   || total
-------------------------++-------
Melee: Unarmed           ||    11
       Constrict         ||    10
       Tentacles         ||     7
       Whip              ||    18
       Long sword        ||     6
 Cast: Sting             ||    22
       Mephitic Cloud    ||     1
 Stab: Sleeping          ||     6
       Confused          ||     1
Armor: Skin              ||    10
Dodge: Dodged            ||    44
